 Dungeon Crawl Stone Soup version 0.30.1-9-gdf580d7c3d (webtiles) character file.

Game seed: 12737957149467204980

11508 pkoi the Fighter (level 11, 0/99 HPs)
             Began as a Black Draconian Monk on Oct 12, 2023.
             Was a Follower of Dithmenos.
             Slain by a vampire (1 damage)
             ... on level 9 of the Dungeon.
             The game lasted 00:15:34 (8793 turns).

pkoi the Fighter (Black Draconian Monk)             Turns: 8793, Time: 00:15:34

Health: 0/99       AC: 13    Str: 14    XL:     11   Next: 50%
Magic:  8/17       EV: 15    Int: 19    God:    Dithmenos [*.....]
Gold:   287        SH:  5    Dex: 13    Spells: 11/18 levels left

rFire   . . .        j - +8 flail of Wesukes {heavy, rC+ Int+4}
rCold   + . .        (no shield)
rNeg    . . .        (body armour unavailable)
rPois   +            (helmet restricted)
rElec   +            (no cloak)
rCorr   .            g - +1 pair of gloves
SInv    .            (no boots)
Will    .....        r - amulet of reflection
Stlth   ++           s - +4 ring of protection
HPRegen 0.36/turn    l - ring of poison resistance
MPRegen 0.15/turn

%: reflection
@: short of breath, wreathed by umbra, studying Dodging
A: breathe lightning, AC +7, unfitting armour, electricity resistance,
cold-blooded
a: Breathe Lightning, Renounce Religion


You were on level 9 of the Dungeon.
You worshipped Dithmenos.
Dithmenos was aware of your devotion.
You visited 1 branch of the dungeon, and saw 9 of its levels.
You also visited: Sewer.

You collected 417 gold pieces.
You spent 130 gold pieces at shops.

Inventory:

Hand Weapons
 f - a +1 short sword of speed
 h - a +1 whip of venom
 j - the +8 flail of Wesukes (weapon) {heavy, rC+ Int+4}
   (You found it on level 2 of the Dungeon)

   Int:       It affects your intelligence (+4).
   rC:        It protects you from cold.
Missiles
 z - 39 poisoned darts (quivered)
Armour
 b - an orb of light
 g - a +1 pair of gloves (worn)
Jewellery
 l - a ring of poison resistance (right hand)
 r - an amulet of reflection (around neck)
 s - a +4 ring of protection (left hand)
 t - a +6 ring of intelligence
Wands
 n - a wand of paralysis (4)
 G - a wand of mindburst (18)
Scrolls
 d - 6 scrolls of identify
 k - 2 scrolls of noise
 m - 2 scrolls of blinking
 o - 2 scrolls of amnesia
 q - a scroll of fear
 v - 4 scrolls of teleportation
 x - a scroll of torment {unknown}
 y - 2 scrolls of silence
 A - 2 scrolls of immolation {unknown}
 B - 3 scrolls of magic mapping
 D - a scroll of acquirement
Potions
 a - 2 potions of ambrosia
 c - a potion of attraction
 e - 2 potions of resistance
 i - 2 potions of flight
 p - 3 potions of invisibility {unknown}
 u - 3 potions of cancellation
 w - 4 potions of curing
 C - 2 potions of berserk rage
 E - 4 potions of haste
 F - 2 potions of magic {unknown}
 H - a potion of heal wounds


   Skills:
 - Level 9.8 Fighting
 - Level 8.8 Dodging
 - Level 0.4 Stealth
 - Level 9.7 Unarmed Combat
 - Level 4.4 Spellcasting
 - Level 4.8 Transmutations
 - Level 4.8 Fire Magic
 + Level 6.8 Poison Magic


You had 11 spell levels left.
You knew the following spells:

 Your Spells              Type           Power      Damage    Failure   Level
a - Olgreb's Toxic Radia  Pois           30%        N/A       8%          4
b - Ignite Poison         Fire/Tmut/Pois 25%        N/A       4%          3

Your spell library contained the following spells:

 Spells                   Type           Power      Damage    Failure   Level
 Tukima's Dance           Hex            4%         N/A       36%         3
 Sticky Flame             Conj/Fire      13%        2d4       43%         4
 Animate Dead             Necr           4%         N/A       78%         4
 Passage of Golubria      Tloc           4%         N/A       78%         4
 Summon Lightning Spire   Summ/Air       4%         N/A       78%         4
 Yara's Violent Unravell  Hex/Tmut       6%         3d5       80%         5
 Haunt                    Necr/Summ      2%         N/A       100%        7
 Storm Form               Tmut/Air       6%         N/A       100%        7
 Discord                  Hex            2%         N/A       100%        8
 Ignition                 Fire           11%        3d5       100%        8
 Infestation              Necr           2%         N/A       100%        8
 Maxwell's Capacitive Co  Air            2%         ∞         100%        8


Dungeon Overview and Level Annotations

Branches:
Dungeon (9/15)             Temple (0/1) D:7           Sewer (visited)
   Lair: D:8-11         Orc: D:9-12

Altars:
Cheibriados
Dithmenos
Fedhas
Kikubaaqudgha
Ru
Xom

Shops:
D:8 !

Annotations:
D:5 3 runed translucent doors, lonewolfV2's ghost, novice FoFi
D:6 4 runed translucent doors


Innate Abilities, Weirdness & Mutations

You can breathe wild blasts of lightning.
Your glossy black scales are hard. (AC +7)
You cannot fit into any form of body armour.
You are resistant to electric shocks. (rElec)
You are cold-blooded and may be slowed by cold attacks.


Message History

Something barely misses you. Something bites you.
* * * LOW HITPOINT WARNING * * *
Something draws strength from your injuries!
Unknown command.
Activating: Breathe Lightning (3% risk of failure)
Press: ? - help, Dir - look around, f - activate You breathe a wild blast of lightning!
The bolt of lightning hits something.
Something hits you but does no damage. Something completely misses you.
Unknown command.
Unknown command.
Unknown command.
You hit something. You tail-slap something.
You hear some strange, mumbled words.
Something tries to affect you, but you resist.
Something barely misses you. x2
Unknown command.
You closely miss something. Something barely misses you. Something bites you.
* * * LOW HITPOINT WARNING * * *
Something draws strength from your injuries!
Something hits you but does no damage. Something bites you but does no damage.
Unknown command.
You barely miss something. You tail-slap something.
Something barely misses you. Something bites you but does no damage.
Something hits you but does no damage. Something bites you.
* * * LOW HITPOINT WARNING * * *
Something draws strength from your injuries!
Unknown command.
You sock something! Something barely misses you. Something bites you.
* * * LOW HITPOINT WARNING * * *
Something draws strength from your injuries!
Something hits you.
* * * LOW HITPOINT WARNING * * *
Something bites you but does no damage. Something draws life force from you!
* * * LOW HITPOINT WARNING * * *
Aiming: Mindburst
Press: ? - help, Shift-Dir - straight line Nothing appears to happen.
Something hits you.
* * * LOW HITPOINT WARNING * * *
Something bites you.
You die...

#...# #..# #...#
#..# #...# #†.#
#...# #..# #...#
#..# #...# #..#
#[..# #.†# #...#
#.{#
####...########.@#
)................#
####..#########..#
#..# #..# #..#
#..# #..# #...
#..# #.... #..#
#...## #..# ...#


There were no monsters in sight!

Vanquished Creatures
  Joseph (D:7)
  A hornet (D:8)
  Prince Ribbit (D:6)
  Sigmund (D:2)
  2 wyverns
  6 yaks (D:6)
  A wraith (D:9)
  2 steam dragons
  Menkaure (D:5)
  An acid dragon (D:6)
  2 water moccasins
  Duvessa (D:4)
  2 sky beasts
  An ice beast (D:8)
  2 black bears (D:7)
  2 orc warriors
  An ogre (D:6)
  2 centaurs
  A phantom (D:5)
  3 kobold brigands (D:9)
  4 bullfrogs
  5 scorpions
  8 wights
  Dowan (D:4)
  12 killer bees
  3 howler monkeys
  4 hounds (D:6)
  4 jellies
  2 orc priests
  2 gnoll boudas
  3 sleepcaps
  4 iguanas
  4 orc wizards
  8 gnolls
  17 adders
  5 river rats
  2 shadow imps (D:6)
  An ufetubus (D:6)
  3 worms
  4 dart slugs
  25 orcs
  13 ball pythons
  8 endoplasms
  2 giant cockroaches
  6 hobgoblins
  3 jackals (D:2)
  4 quokkas
  9 bats
  11 frilled lizards
  6 goblins
  25 kobolds
  32 rats
274 creatures vanquished.

Notes
Turn   | Place    | Note
-------+----------+-------------------------------------------
     0 | D:1      | pkoi the Draconian Monk began the quest for the Orb.
     0 | D:1      | Reached XP level 1. HP: 19/19 MP: 1/1
   261 | D:1      | Reached XP level 2. HP: 26/26 MP: 2/2
   761 | D:2      | Found a sacrificial altar of Ru.
   774 | D:2      | Became a worshipper of Ru the Awakened
   916 | D:2      | Reached XP level 3. HP: 31/31 MP: 3/3
   925 | D:2      | Noticed Sigmund
   935 | D:2      | Killed Sigmund
   936 | D:2      | Reached XP level 4. HP: 35/41 MP: 4/4
   936 | D:2      | Reached XP level 5. HP: 40/47 MP: 5/5
  1142 | D:2      | Identified the +8 flail of Wesukes {heavy, rC+ Int+4}
  1590 | D:3      | Reached skill level 5 in Unarmed Combat
  1590 | D:3      | Reached XP level 6. HP: 22/55 MP: 6/6
  1606 | D:3      | Reached skill level 5 in Fighting
  1809 | D:3      | Found a shimmering altar of Xom.
  2476 | D:4      | Found an ancient bone altar of Kikubaaqudgha.
  2754 | D:4      | Noticed Duvessa
  2754 | D:4      | Noticed Dowan
  2923 | D:4      | Killed Duvessa
  2924 | D:4      | Your scales start taking on a glossy black colour.
  2924 | D:4      | Reached XP level 7. HP: 28/61 MP: 7/7
  2924 | D:4      | Gained mutation: You are resistant to electric shocks.
                  | (rElec) [Black Draconian growth]
  2925 | D:4      | Killed Dowan
  3454 | D:5      | Entered Level 5 of the Dungeon
  3616 | D:5      | Noticed Menkaure
  3816 | D:5      | Reached skill level 5 in Dodging
  3941 | D:5      | Killed Menkaure
  4028 | D:5      | Found a runed translucent gate.
  4028 | D:5      | Found a runed translucent gate.
  4028 | D:5      | Found a runed translucent gate.
  4029 | D:5      | Noticed lonewolfV2's ghost (novice FoFi)
  4107 | D:5      | Reached XP level 8. HP: 71/71 MP: 8/8
  4275 | D:6      | Found a blossoming altar of Fedhas.
  4429 | D:6      | Found a glowing drain.
  4436 | Sewer    | Entered a sewer
  5006 | D:6      | Reached XP level 9. HP: 30/81 MP: 9/9
  5298 | D:6      | Identified a scroll of acquirement
  5526 | D:6      | Found a large runed translucent door.
  5526 | D:6      | Found a large runed translucent door.
  5579 | D:6      | Identified the +4 morningstar "Codo" {venom, Contam rPois
                  | rF+ rN+ Stlth+}
  5601 | D:6      | Found a large runed translucent door.
  5601 | D:6      | Found a large runed translucent door.
  5771 | D:6      | Noticed Prince Ribbit
  5792 | D:6      | Killed Prince Ribbit
  6087 | D:7      | Noticed Joseph
  6097 | D:7      | Killed Joseph
  6098 | D:7      | Reached XP level 10. HP: 75/91 MP: 10/10
  6592 | D:7      | Learned a level 3 spell: Ignite Poison
  6788 | D:7      | Found a staircase to the Ecumenical Temple.
  6870 | D:7      | Reached XP level 11. HP: 99/99 MP: 10/17
  7082 | D:8      | Found a shadowy altar of Dithmenos.
  7098 | D:8      | Found a snail-covered altar of Cheibriados.
  7159 | D:8      | Fell from the grace of Ru
  7159 | D:8      | Became a worshipper of Dithmenos the Shadowed
  7205 | D:8      | Found Ygodasuo's Distillery.
  7212 | D:8      | Bought a potion of haste for 130 gold pieces
  7707 | D:8      | Learned a level 4 spell: Olgreb's Toxic Radiance
  7808 | D:9      | Reached skill level 5 in Poison Magic
  8144 | D:9      | Reached * piety under Dithmenos
  8793 | D:9      | HP: 1/99 [something (5)]
  8793 | D:9      | Slain by a vampire

Illustrated notes

Levels and vault maps discovered:
D:1:      evilmike_arrival_fibonacci_small, layout_loops_cross
D:2:      layout_rooms, basic_altar, minmay_misc_feat_more_columns,
          minivault_25, serial_park_tiny_1, kennysheep_generic_room_3,
          uniq_sigmund
D:3:      layout_basic, nicolae_overflow_crystal_walls,
          nicolae_elevator_lobby_asterisk
D:4:      dreamdust_elfheim, layout_gridville, kennysheep_mini_moat,
          kennysheep_generic_room_9
D:5:      layout_basic, ebering_ghost_rock_garden, uniq_menkaure
D:6:      layout_basic, fedhas_ov_isle_minmay, portal_sewer_entry_e,
          minmay_hollow_rounded_squares, uniq_prince_ribbit1
D:7:      layout_rooms, minmay_temple_entry_proselytizer, uniq_joseph
D:8:      layout_gridville, mainiacjoe_overflow_big_doors, serial_shops, shop
D:9:      layout_long_grid, nrook_mini_vaults, chequers_serial_rivers_small_b

Skill      XL: |  1  2  3  4  5  6  7  8  9 10 11 |
---------------+----------------------------------+-----
Fighting       | 4 5 6 8 9 |  9.8
Dodging        | 3 4 5 6 8 |  8.8
Unarmed Combat | 4 5 6 7 9 |  9.7
Spellcasting   | 4 |  4.4
Transmutations | 4 |  4.8
Fire Magic     | 4 |  4.8
Poison Magic   | 4 6 |  6.8
Stealth        | |  0.4

Action                     |  1- 3 |  4- 6 |  7- 9 | 10-12 || total
---------------------------+-------+-------+-------+-------++-------
  Melee: Unarmed           |    21 |       |       |       ||    21
         Tailslap          |     9 |    16 |    31 |    18 ||    74
         Whip              |    25 |    45 |       |       ||    70
         Flail             |       |    63 |   264 |   110 ||   437
         Punch             |       |       |       |     5 ||     5
   Cast: Ignite Poison     |       |       |       |     9 ||     9
         Olgreb's Toxic Ra |       |       |       |     7 ||     7
Ability: Breathe Lightning |       |       |       |     1 ||     1
  Evoke: Wand              |       |       |     1 |     1 ||     2
    Use: Scroll            |       |     6 |     7 |     5 ||    18
         Potion            |       |     4 |       |     1 ||     5
 Armour: Skin              |    14 |    59 |   253 |    91 ||   417
  Dodge: Dodged            |    21 |   130 |   412 |   158 ||   721
  Block: Orb               |       |       |   136 |    14 ||   150
         Other             |       |       |       |    35 ||    35
         Reflection        |       |       |       |     2 ||     2
